 Dungeon Crawl Stone Soup version 0.28-b1-25-g9875b3fc8c (webtiles) character file.

Game seed: 4281045383514567526

586 cayde69 the Digger (level 7, -7/62 HPs)
             Began as a Troll Earth Elementalist on Feb 1, 2022.
             Was a Believer of Uskayaw.
             Mangled by an ogre (27 damage)
             ... on level 5 of the Dungeon.
             The game lasted 00:16:22 (3860 turns).

cayde69 the Digger (Troll Earth Elementalist)       Turns: 3860, Time: 00:16:23

Health: -7/62      AC:  8    Str: 17    XL:     7   Next: 15%
Magic:  8/9        EV: 10    Int: 16    God:    Uskayaw [**....]
Gold:   196        SH:  0    Dex: 10    Spells: 9/10 levels left

rFire   x . .      SeeInvis .   n - +0 short sword (freeze)
rCold   + . .      Faith    .   (no shield)
rNeg    . . .      Spirit   .   b - +0 robe
rPois   +          Reflect  .   (helmet restricted)
rElec   .          Harm     .   (no cloak)
rCorr   .          Rampage  .   (gloves unavailable)
Will    .....                   (boots unavailable)
Stlth   +.........              (no amulet)
HPRegen 1.00/turn               r - ring "Luixok" {Ice rPois Int+3}
MPRegen 0.11/turn               m - +4 ring of protection

@: no status effects
A: large, unfitting armour, claws 3, regeneration 1, shaggy fur 1, tough skin 1
a: Renounce Religion, Stomp, Line Pass


You were on level 5 of the Dungeon.
You worshipped Uskayaw.
Uskayaw was noncommittal.
You visited 1 branch of the dungeon, and saw 5 of its levels.

You collected 196 gold pieces.

Inventory:

Hand Weapons
 h - a +1 whip of electrocution
 n - a +0 short sword of freezing (weapon)
Missiles
 c - 201 stones
 p - 2 throwing nets
Armour
 b - a +0 robe (worn)
Jewellery
 a - a ring of poison resistance
 k - a ring of protection from cold
 m - a +4 ring of protection (right claw)
 r - the ring "Luixok" (left claw) {Ice rPois Int+3}
   (You found it on level 4 of the Dungeon)

   [ring of ice]

   It enhances your ice magic.
   Int:       It affects your intelligence (+3).
   rF:        It makes you vulnerable to fire.
   rC:        It protects you from cold.
   rPois:     It protects you from poison.
Scrolls
 d - 2 scrolls of teleportation {unknown}
 f - a scroll of fear
 l - a scroll of enchant weapon {unknown}
 o - a scroll of blinking
Potions
 e - 2 potions of brilliance {unknown}
 g - a potion of mutation {unknown}
 j - a potion of cancellation {unknown}
 q - 2 potions of flight


   Skills:
 + Level 1.3 Fighting
 + Level 1.5 Short Blades
 + Level 2.8 Dodging
 - Level 1.0 Stealth
 * Level 4.0 Unarmed Combat
 + Level 2.3 Spellcasting
 - Level 0.6 Transmutations
 + Level 4.1 Earth Magic


You had 9 spell levels left.
You knew the following spells:

 Your Spells              Type           Power      Damage    Failure   Level
a - Sandblast             Erth           30%        2d9       3%          1

Your spell library contained the following spells:

 Spells                   Type           Power      Damage    Failure   Level
 Passwall                 Tmut/Erth      7%         N/A       12%         2
 Animate Skeleton         Necr           2%         N/A       21%         1
 Apportation              Tloc           2%         N/A       21%         1
 Pain                     Necr           4%         1d4       21%         1
 Summon Small Mammal      Summ           4%         N/A       21%         1
 Stone Arrow              Conj/Erth      16%        3d8       26%         3
 Static Discharge         Conj/Air       1%         N/A       30%         2
 Vampiric Draining        Necr           1%         2d6       52%         3
 Petrify                  Tmut/Erth      9%         N/A       58%         4
 Dispel Undead            Necr           1%         3d6       89%         4
 Sticky Flame             Conj/Fire      1%         2d3       89%         4


Dungeon Overview and Level Annotations

Branches:
Dungeon (5/15)
 Temple: D:4-7

Altars:
Dithmenos
Nemelex Xobeh
Qazlal
Ru
Uskayaw
Xom
The Shining One

Annotations:
D:5 2 runed translucent doors, DemonSlayer's ghost, novice DECj


Innate Abilities, Weirdness & Mutations

You are too large for most types of armour.
You have claws for hands.
Your natural rate of healing is unusually fast.
You are covered in fur. (AC +1)
You have tough skin. (AC +1)


Message History

DemonSlayer's ghost takes aim.
You hear the slow hiss of a very distant avalanche of sand.
An ogre comes into view. It is wielding a +0 giant club.
The ogre shouts!
The ogre hits you with a +0 giant club.
You hit the ogre. You freeze the ogre.
The ogre is moderately wounded.
The ogre closely misses you.
You hit the ogre. You freeze the ogre.
The ogre is moderately wounded.
The ogre hits you with a +0 giant club!!
You hit the ogre. You freeze the ogre.
The ogre is heavily wounded.
The ogre hits you with a +0 giant club!
You hit the ogre. You freeze the ogre.
The ogre is heavily wounded.
You hit the ogre. You freeze the ogre.
The ogre is severely wounded.
The ogre hits you with a +0 giant club!!
* * * LOW HITPOINT WARNING * * *
You can now pass through a line of other dancers.
You are too injured to fight recklessly!
You are too injured to fight recklessly!
You are too injured to fight recklessly!
You are too injured to fight recklessly!
You barely miss the ogre.
The ogre is severely wounded.
The ogre barely misses you.
You hit the ogre but do no damage.
The ogre is severely wounded.
The ogre closely misses you.
You hit the ogre. You freeze the ogre.
The ogre is almost dead.
The ogre closely misses you.
You hit the ogre. You freeze the ogre.
The ogre is almost dead.
You hit the ogre. You freeze the ogre.
The ogre is almost dead.
The ogre hits you with a +0 giant club!!
You die...

.. .. ####
'##### ##.#≈###
....##../.≈#.#
...#§#..≈.≈#
..#.§⌠≈#.≈##
#O##W§...≈.#
####@####++#####
#..............#
#..............#
#..............#
#....†.........#
#..............#
#..............#
+........<.....#
#....####...##+#


You could see an ogre.

Vanquished Creatures
  A water moccasin (D:5)
  A bullfrog (D:4)
  A scorpion (D:3)
  An orc priest (D:3)
  An iguana (D:4)
  2 orc wizards
  Natasha (thrice) (D:2)
  3 gnolls (D:3)
  7 adders
  An adder skeleton (D:4)
  2 dart slugs (D:1)
  4 orcs
  A ball python (D:3)
  9 endoplasms
  4 giant cockroaches
  7 goblins
  6 hobgoblins
  6 jackals
  5 quokkas
  7 bats
  5 frilled lizards
  5 kobolds
  5 rats (D:3)
87 creatures vanquished.

Vanquished Creatures (others)
  26 plants (D:3)
26 creatures vanquished.

Grand Total: 113 creatures vanquished

Notes
Turn   | Place    | Note
-------+----------+-------------------------------------------
     0 | D:1      | cayde69 the Troll Earth Elementalist began the quest for
                  | the Orb.
     0 | D:1      | Reached XP level 1. HP: 16/16 MP: 1/1
   249 | D:1      | Reached XP level 2. HP: 24/24 MP: 0/3
   667 | D:1      | Reached XP level 3. HP: 31/31 MP: 1/4
   758 | D:1      | Reached skill level 1 in Unarmed Combat
  1001 | D:2      | Noticed Natasha
  1012 | D:2      | Killed Natasha
  1056 | D:2      | Found a faded altar of an unknown god.
  1100 | D:2      | Found a shimmering altar of Xom.
  1156 | D:2      | Noticed Natasha
  1164 | D:2      | Reached XP level 4. HP: 39/39 MP: 2/5
  1183 | D:2      | Killed Natasha
  1342 | D:2      | Noticed Natasha
  1348 | D:2      | Killed Natasha
  1707 | D:3      | Reached XP level 5. HP: 45/45 MP: 6/6
  2130 | D:3      | Reached XP level 6. HP: 38/54 MP: 8/8
  2914 | D:4      | Identified the ring "Luixok" {Ice rPois Int+3}
  2982 | D:4      | Reached skill level 1 in Fighting
  3029 | D:4      | Reached skill level 1 in Short Blades
  3052 | D:4      | Found a shadowy altar of Dithmenos.
  3289 | D:4      | Found a stormy altar of Qazlal.
  3389 | D:4      | Found a sparkling altar of Nemelex Xobeh.
  3644 | D:4      | Found a sacrificial altar of Ru.
  3652 | D:4      | Found a hide-covered altar of Uskayaw.
  3656 | D:4      | Became a worshipper of Uskayaw the Reveller
  3658 | D:4      | Found a glowing golden altar of the Shining One.
  3797 | D:5      | Entered Level 5 of the Dungeon
  3797 | D:5      | Found a large runed translucent door.
  3797 | D:5      | Found a large runed translucent door.
  3815 | D:5      | Reached * piety under Uskayaw
  3816 | D:5      | Noticed a water moccasin
  3828 | D:5      | Reached ** piety under Uskayaw
  3833 | D:5      | Killed a water moccasin
  3834 | D:5      | Reached XP level 7. HP: 57/62 MP: 5/9
  3838 | D:5      | Noticed DemonSlayer's ghost (novice DECj)
  3860 | D:5      | Mangled by an ogre

Illustrated notes

Levels and vault maps discovered:
D:1:      matt_arrival_refuge, layout_loops_ring, minivault_26,
          minmay_octomino_j4
D:2:      layout_rooms, shapermc_ecumenical_altar_venn, basic_altar,
          uniq_natasha
D:3:      layout_basic, serial_bayou, serial_bayou_lake_a, serial_bayou_pond_a,
          serial_bayou_pond_b, serial_bayou_crossing, minivault_19
D:4:      layout_cave_pools, nicolae_dithmenos_the_darkroom,
          nemelex_spade_bored_becter, minitemple, mainiacjoe_overflow_brackets
D:5:      layout_gridville, mainiacjoe_overflow_swirl,
          minmay_temple_entry_steel_oval, nicolae_ossuary_entry_monument,
          ebering_ghost_disaster_area

Skill      XL: |  1  2  3  4  5  6 |
---------------+-------------------+-----
Earth Magic    | 3 4 |  4.1
Unarmed Combat | 1 2 3 4 |  4.0
Dodging        | 2 |  2.8
Spellcasting   | 2 |  2.3
Fighting       | 1 |  1.3
Short Blades   | 1 |  1.5
Stealth        | |  1.0
Transmutations | |  0.6

Action                   |  1- 3 |  4- 6 |  7- 9 || total
-------------------------+-------+-------+-------++-------
Melee: Unarmed           |    74 |    77 |       ||   151
       Short sword       |       |   203 |    10 ||   213
       Punch             |       |     3 |       ||     3
 Cast: Sandblast         |    17 |    36 |       ||    53
Invok: Stomp             |       |     1 |       ||     1
  Use: Scroll            |       |     6 |       ||     6
 Stab: Sleeping          |       |     3 |       ||     3
       Distracted        |       |     1 |       ||     1
Armor: Robe              |    24 |   118 |       ||   142
Dodge: Dodged            |    37 |   158 |     4 ||   199
